 Dungeon Crawl Stone Soup version 0.31-a0-654-gbe3e110b4e (webtiles) character file.

Game seed: 8604143871789846331

63 spiderkeys the Stinger (level 3, -2/24 HPs)
             Began as a Demonspawn Venom Mage on Aug 29, 2023.
             Slain by a gnoll
             ... wielding a +0 spear
              (7 damage)
             ... on level 3 of the Dungeon.
             The game lasted 00:03:11 (1727 turns).

spiderkeys the Stinger (Demonspawn Venom Mage)      Turns: 1727, Time: 00:03:12

Health: -2/24      AC:  4    Str:  8    XL:     3   Next: 87%
Magic:  2/7        EV: 12    Int: 18    God:
Gold:   75         SH:  0    Dex: 13    Spells: 6/7 levels left

rFire   . . .        i - +0 sling
rCold   . . .        (no shield)
rNeg    . . .        a - +0 robe
rPois   .            (helmet restricted)
rElec   .            (no cloak)
rCorr   .            h - +0 pair of gloves
SInv    .            g - +0 pair of boots
Will    .....        (no amulet)
Stlth   ++           (no ring)
HPRegen 1.24/turn    (no ring)
MPRegen 0.10/turn

%: no passive effects
@: no status effects
A: horns 1, powered by death 1
a: no special abilities


You were on level 3 of the Dungeon.
You visited 1 branch of the dungeon, and saw 3 of its levels.

You collected 75 gold pieces.


Innate Abilities, Weirdness & Mutations

You have a pair of small horns on your head.
You regenerate a little health from kills.


   Skills:
 - Level 1.7 Dodging
 - Level 1.7 Stealth
 + Level 2.8 Spellcasting
 + Level 2.0 Transmutations
 + Level 3.7 Poison Magic


You had 6 spell levels left.
You knew the following spells:

 Your Spells              Type           Power      Damage    Failure   Level
s - Sting                 Tmut/Pois      48%        1d5       5%          1

Your spell library contained the following spells:

 Spells                   Type           Power      Damage    Failure   Level
 Poisonous Vapours        Pois/Air       18%        N/A       12%         2
 Cigotuvi's Dreadful Rot  Necr/Pois/Air  12%        N/A       16%         2
 Mephitic Cloud           Conj/Pois/Air  6%         N/A       30%         3
 Olgreb's Toxic Radiance  Pois           15%        N/A       34%         4
 Dispel Undead            Necr           2%         3d7       86%         4
 Death Channel            Necr           1%         N/A       100%        6

Inventory:

Hand Weapons
 e - a +0 whip
   (You took it off a kobold on level 1 of the Dungeon)
 i - a +0 sling (weapon)
   (You found it on level 1 of the Dungeon)
Missiles
 k - 13 stones
Armour
 a - a +0 robe (worn)
 g - a +0 pair of boots (worn)
   (You found it on level 1 of the Dungeon)
 h - a +0 pair of gloves (worn)
   (You found it on level 1 of the Dungeon)
Magical Staves
 d - a staff of death {!a}
   (You found it on level 1 of the Dungeon)
Wands
 t - a wand of acid (12)
   (You found it on level 2 of the Dungeon)
Scrolls
 c - a scroll of poison {unknown}
 f - a scroll of amnesia {unknown}
 l - 3 scrolls of identify {unknown}
 n - 3 scrolls of enchant armour {unknown}
 o - a scroll of blinking {unknown}
 p - 2 scrolls of enchant weapon {unknown}
 q - a scroll of fog {unknown}
 r - a scroll of teleportation {unknown}
 s - a scroll of vulnerability {unknown}
Potions
 b - a potion of magic
 j - a potion of ambrosia {unknown}
 m - 2 potions of curing {unknown}

Dungeon Overview and Level Annotations

Branches:
Dungeon (3/15) Zot: 16241

Altars:

#..≈. .≈.#
#..≈.#####.≈..
#..≈.......≈......
..≈≈≈≈≈≈≈≈≈.....b
# ....... .......
#.####..###.......
#....#...b#..g....
#...##b#.......
##..##@#)......
#<...#.gS#
##########


You could see a gnoll, 2 bats and a ball python.


Message History

Press: ? - help, Shift-Dir - straight line, f/p - worm
Aim: a worm (heavily wounded, poisoned, 90% to hit)
The sting hits the worm.
The worm looks even sicker.
The bat hits you but does no damage. 😮 HP[+1] MP[-1]
You lost 1 mp, and now have 3/7 mp.
Casting: Sting (safe; 5% risk of failure)
Confirm with . or Enter, or press ? or * to list all spells.
Okay, then.
A bat comes into view.
The worm attacks as it pursues you! The worm bites you!
* * * LOW HITPOINT WARNING * * *
The bat misses you.
The bat moves out of view. 😨 HP[-9]
You take 9 damage, and now have 9/24 hp.
MASSIVE DAMAGE!! (PAUSE) Unknown command.
Casting: Sting (safe; 5% risk of failure)
Confirm with . or Enter, or press ? or * to list all spells.
Aiming: Sting (safe; 5% risk of failure)
Press: ? - help, Shift-Dir - straight line, f/p - worm
Aim: a worm (heavily wounded, very poisoned, 90% to hit)
The sting hits the worm but does no damage.
The worm looks even sicker.
The bat hits you but does no damage. 😨 MP[-1]
You lost 1 mp, and now have 2/7 mp.
Aiming: Sting (safe; 5% risk of failure)
Press: ? - help, Q - select action, (/) - cycle Shift-Dir - straight line, f/p - worm
Aim: a worm (severely wounded, very poisoned, 90% to hit)
The sting hits the worm.
The worm looks as sick as possible!
You kill the worm!
The goblin closely misses you. 😨 MP[-1]
You lost 1 mp, and now have 1/7 mp.
Aiming: Sting (safe; 5% risk of failure)
Press: ? - help, Q - select action, (/) - cycle Shift-Dir - straight line, f - goblin
Aim: a goblin, wielding a +0 dagger (64% to hit)
Okay, then.
Casting: Sting (safe; 5% risk of failure)
Confirm with . or Enter, or press ? or * to list all spells.
You don't know that spell.
Casting: Sting (safe; 5% risk of failure)
Confirm with . or Enter, or press ? or * to list all spells.
Aiming: Sting (safe; 5% risk of failure)
Press: ? - help, Shift-Dir - straight line, f - gnoll
Aim: a gnoll, wielding a +0 club (75% to hit)
The sting hits the gnoll.
The gnoll is poisoned.
The gnoll closely misses you. The goblin hits you with a +0 dagger.
* * * LOW HITPOINT WARNING * * *
😨 MP[-1]
You lost 1 mp, and now have 0/7 mp.
You don't have enough magic to cast this spell.
You shoot a sling bullet.
The sling bullet barely misses the gnoll.
The gnoll closely misses you. The goblin completely misses you.
You shoot a sling bullet. The sling bullet hits the gnoll!
You kill the gnoll!
The goblin barely misses you.
Your Transmutations skill increases to level 2! 😨 MP[+1]
You shoot a sling bullet.
The sling bullet hits the goblin but does no damage.
The goblin closely misses you. x2 😨 HP[+1]
You shoot a sling bullet.
The sling bullet closely misses the goblin.
The sling bullet hits the bat.
The goblin misses you.
You shoot a sling bullet.
The sling bullet barely misses the goblin.
The sling bullet barely misses the bat.
The goblin hits you with a +0 dagger.
* * * LOW HITPOINT WARNING * * *
The goblin hits you with a +0 dagger.
* * * LOW HITPOINT WARNING * * *
😱 HP[-4]
You take 4 damage, and now have 6/24 hp.
You shoot a sling bullet. The sling bullet hits the goblin.
The goblin hits you but does no damage. 😨 HP[+1]
You shoot a sling bullet.
The sling bullet barely misses the goblin.
The sling bullet barely misses the bat.
The goblin hits you with a +0 dagger.
* * * LOW HITPOINT WARNING * * *
😱 HP[-3]
You take 3 damage, and now have 4/24 hp.
You shoot a sling bullet.
The sling bullet barely misses the goblin.
The sling bullet barely misses the bat.
You hear an angry hiss.
The goblin hits you with a +0 dagger.
* * * LOW HITPOINT WARNING * * *
A gnoll comes into view. It is wielding a +0 spear.
The goblin barely misses you. 😱 HP[-1]
You take 1 damage, and now have 3/24 hp.
You shoot a sling bullet. The sling bullet hits the goblin.
You kill the goblin!
The bat misses you.
A ball python comes into view.
The bat hits you but does no damage. The gnoll hits you with a +0 spear!
You die...

Skill      XL: |  1  2  3 |
---------------+----------+-----
Transmutations | 1 2 |  2.0
Dodging        | |  1.7
Stealth        | |  1.7
Spellcasting   | |  2.8
Poison Magic   | |  3.7

Action                     || total
---------------------------++-------
  Melee: Whip              ||    18
         Punch             ||     1
   Fire: Sling             ||    75
   Cast: Sting             ||    42
 Armour: Robe              ||    22
  Dodge: Dodged            ||    49

Levels and vault maps discovered:
D:1:      minmay_arrival_nine_rooms, layout_basic,
          chequers_ecumenical_altar_simple_redux
D:2:      layout_basic
D:3:      layout_basic, mainiacjoe_overflow_brackets, xom_butterflies

Notes
Turn   | Place    | Note
-------+----------+-------------------------------------------
     0 | D:1      | spiderkeys the Demonspawn Venom Mage began the quest for
                  | the Orb.
     0 | D:1      | Reached XP level 1. HP: 13/13 MP: 3/3
     0 | D:1      | magus.rc [v1.11.6]
    65 | D:1      | Found a faded altar of an unknown god.
    75 | D:1      | Reached skill level 1 in Transmutations
   299 | D:1      | Gained mutation: You regenerate a little health from kills.
                  | [demonic ancestry]
   299 | D:1      | Reached XP level 2. HP: 19/19 MP: 5/5
   743 | D:1      | Gained mutation: You have a pair of small horns on your
                  | head. [demonic ancestry]
   743 | D:1      | Reached XP level 3. HP: 24/24 MP: 0/6
  1006 | D:2      | You add the spells Cigotuvi's Dreadful Rot, Dispel Undead
                  | and Death Channel to your library.
  1721 | D:3      | Reached skill level 2 in Transmutations
  1723 | D:3      | HP: 6/24 [goblin/+0 dagger (1)]
  1727 | D:3      | Slain by a gnoll

Vanquished Creatures
  A gnoll (D:3)
  An adder (D:2)
  2 worms
  3 endoplasms
  A giant cockroach (D:1)
  3 goblins
  4 hobgoblins
  4 jackals (D:1)
  5 ball pythons
  8 bats
  2 frilled lizards (D:1)
  4 kobolds
  A rat (D:1)
39 creatures vanquished.

Table legend:
 A = Non-vault XP
 B = Vault XP
 C = Vault XP percentage of total XP
 D = Non-vault monster count
 E = Vault monster count
 F = Vault count percentage of total count
                 A         B        C        D         E       F
            +---------+---------+-------+---------+---------+-------
      Total |      92 |       0 |   0.0 |      39 |       0 |   0.0
            +---------+---------+-------+---------+---------+-------
        D:1 |      42 |       0 |   0.0 |      28 |       0 |   0.0
        D:2 |      27 |       0 |   0.0 |       7 |       0 |   0.0
        D:3 |      23 |       0 |   0.0 |       4 |       0 |   0.0
            +---------+---------+-------+---------+---------+-------

Skill      XL: |  1  2  3 |
---------------+----------+-----
Transmutations | 1 2 |  2.0
Dodging        | |  1.7
Stealth        | |  1.7
Spellcasting   | |  2.8
Poison Magic   | |  3.7

Action                     || total
---------------------------++-------
  Melee: Whip              ||    18
         Punch             ||     1
   Fire: Sling             ||    75
   Cast: Sting             ||    42
 Armour: Robe              ||    22
  Dodge: Dodged            ||    49

Illustrated notes

Table legend:
 A = Kills in this place as a percentage of kills in the entire game.
 B = Kills by you in this place as a percentage of kills by you in the entire game.
 C = Kills by friends in this place as a percentage of kills by friends in the entire game.
 D = Other kills in this place as a percentage of other kills in the entire game.
 E = Experience gained in this place as a percentage of experience gained in the entire game.
 F = Experience gained in this place divided by the number of levels of this place that you have seen.
                   A       B       C       D       E      F
               +-------+-------+-------+-------+-------+----------------------
         Total | 100.0 | 100.0 |   N/A |   N/A | 100.0 |  30.7
       Dungeon | 100.0 | 100.0 |   N/A |   N/A | 100.0 |  30.7
               +-------+-------+-------+-------+-------+----------------------

Table legend: (Time is in decaauts)
 A = Elapsed time spent in this place.
 B = Non-inter-level travel time spent in this place.
 C = Inter-level travel time spent in this place.
 D = Time resting spent in this place.
 E = Time spent auto-exploring this place.
 F = Levels seen in this place.
 G = Mean time per level.
                   A        B        C        D        E       F      G
               +--------+--------+--------+--------+--------+-----+--------+
         Total |   1756 |   1686 |     70 |      0 |   1411 |   3 |  585.3 |
       Dungeon |   1756 |   1686 |     70 |      0 |   1411 |   3 |  585.3 |
               +--------+--------+--------+--------+--------+-----+--------+

Top non-repeatable levels by time:
     D:1: 943 daAuts
     D:2: 776 daAuts
     D:3: 36 daAuts
